 Dungeon Crawl Stone Soup version 0.30.1-4-g462c640d31 (webtiles) character file.

Game seed: 3984753005757304122

1831 Cassiopeia the Spear-Bearer (level 9, -4/106 HPs)
             Began as a Merfolk Gladiator on Sept 11, 2023.
             Was a Believer of Trog.
             Slain by a killer bee (7 damage)
             ... on level 6 of the Dungeon.
             The game lasted 00:15:40 (7918 turns).

Cassiopeia the Spear-Bearer (Merfolk Gladiator)     Turns: 7918, Time: 00:15:41

Health: -4/106     AC:  5    Str: 18    XL:     9   Next: 11%
Magic:  18/18      EV: 12    Int:  7    God:    Trog [**....]
Gold:   218        SH: 16    Dex: 16    Spells: 8/8 levels left

rFire   + . .        a - +0 trident
rCold   + . .        B - +2 tower shield {rC+}
rNeg    . . .        b - +0 leather armour
rPois   .            j - +0 helmet
rElec   .            (no cloak)
rCorr   .            (no gloves)
SInv    .            r - +0 pair of boots
Will    ++...        (no amulet) Stlth
                     m - ring of magical power
HPRegen 1.37/turn    g - ring of protection from fire
MPRegen 0.16/turn

%: no passive effects
@: berserking, lethally poisoned (-4 -> -8), strong-willed, regenerating, very
quick
A: (nimble swimmer 2), mertail
a: Renounce Religion, Berserk, Trog's Hand


You were on level 6 of the Dungeon.
You worshipped Trog.
Trog was pleased with you.
You visited 1 branch of the dungeon, and saw 7 of its levels.

You collected 427 gold pieces.
You spent 209 gold pieces at shops.

Inventory:

Hand Weapons
 a - a +0 trident (weapon)
 o - a +3 short sword
 E - the +6 dagger of Sin {drain, rPois rF- SInv}
   (You found it on level 5 of the Dungeon)

   rF:        It makes you vulnerable to fire.
   rPois:     It protects you from poison.
   SInv:      It lets you see invisible.
Missiles
 c - 3 boomerangs (quivered)
 d - 3 throwing nets {!Q}
 e - a javelin
 w - 20 poisoned darts
 G - 4 curare-tipped darts
Armour
 b - a +0 leather armour (worn)
 j - a +0 helmet (worn)
 r - a +0 pair of boots (worn)
 B - a +2 tower shield of cold resistance (worn)
 D - a +0 plate armour
Jewellery
 g - a ring of protection from fire (right hand)
 m - a ring of magical power (left hand)
 v - a ring of fire
 F - a +6 ring of strength
 K - a ring of positive energy
Wands
 q - a wand of polymorph (4)
 H - a wand of acid (8)
Scrolls
 h - a scroll of silence
 l - a scroll of fog
 n - a scroll of magic mapping {unknown}
 p - 8 scrolls of teleportation
 t - 2 scrolls of enchant weapon {unknown}
 u - a scroll of fear {unknown}
 x - 2 scrolls of poison {unknown}
 A - a scroll of blinking {unknown}
Potions
 f - 2 potions of might
 i - 2 potions of degeneration
 k - a potion of cancellation
 s - 2 potions of lignification
 C - a potion of ambrosia
 I - a potion of curing


   Skills:
 + Level 6.4 Fighting
 + Level 8.3 Polearms
 - Level 4.7 Throwing
 + Level 2.1 Armour
 - Level 7.0 Dodging
 + Level 4.3 Shields


You had 8 spell levels left.
You didn't know any spells.
Your spell library contained the following spells:

 Spells                   Type           Power      Damage    Failure   Level
 Foxfire                  Conj/Fire      0%         2x1d4     99%         1
 Stone Arrow              Conj/Erth      0%         3d7       100%        3
 Animate Armour           Summ/Erth      0%         N/A       100%        4
 Summon Lightning Spire   Summ/Air       0%         N/A       100%        4
 Conjure Ball Lightning   Conj/Air       0%         3x3d6     100%        6
 Plasma Beam              Fire/Air       0%         2x1d11    100%        6
 Starburst                Conj/Fire      0%         6d3       100%        6
 Storm Form               Tmut/Air       0%         N/A       100%        7
 Lehudib's Crystal Spear  Conj/Erth      0%         10d2      100%        8
 Maxwell's Capacitive Co  Air            0%         ∞         100%        8


Dungeon Overview and Level Annotations

Branches:
Dungeon (7/15)             Temple (0/1) D:6

Altars:
Gozag
Hepliaklqana
Trog
Uskayaw
The Shining One

Shops:
D:2 *   D:3 [

Annotations:
D:4 1 runed translucent door, Gatsu's ghost, novice HOFi
D:6 3 runed translucent doors, Shake04's ghost, novice VSGl


Innate Abilities, Weirdness & Mutations

((You are very nimble when in or above water. (Stealth+, EV+, Speed+++)))
Your lower body shifts to a powerful aquatic tail in water.


Message History

The orc barely misses you.
Your skin crawls.
You feel strong-willed.
You feel very sick. The killer bee barely misses you.
You block the killer bee's attack. x3
The orc priest looks encouraged for a moment.
The orc hits you but does no damage.
A red film seems to cover your vision as you go berserk!
You feel yourself moving faster!
You feel mighty!
You feel very sick. You block the killer bee's attack.
The killer bee barely misses you. x2
You block the killer bee's attack. The orc hits you but does no damage.
The orc priest hits you with a +0 hand axe.
* * * LOW HITPOINT WARNING * * *
You puncture the killer bee!
The killer bee is almost dead.
You feel sick. You block the killer bee's attack.
The killer bee closely misses you.
You hit the killer bee.
The killer bee is almost dead.
You feel sick.
The killer bee stings you but does no damage.
You block the killer bee's attack. You block the orc's attack.
The orc priest calls down the wrath of Beogh upon you.
Beogh smites you!
* * * LOW HITPOINT WARNING * * *
You block the killer bee's attack. The killer bee stings you.
* * * LOW HITPOINT WARNING * * *
You are more poisoned.
The killer bee poisons you!
You are too berserk!
You puncture the killer bee!
You kill the killer bee!
Trog accepts your kill.
You feel very sick. The killer bee stings you.
* * * LOW HITPOINT WARNING * * *
You block the orc priest's attack. You block the orc's attack.
The killer bee stings you!
You die...

###.#####.##########
#.........##### #...
#.#.##........# #.##
#.#.##........# #.##
#.#.##........# #.##
#.#.##........# #.##
#.#.##........# #.##
#.†oy.........# #...
###@###.......# ####
####o######)#### #
#.......###.# #
#.#.........#########
#.#..##.####.........
##.#.......##.########
##### #...>....#.##.#
....# #.........#...#
....########.##.##.##.####


You could see a killer bee, an orc priest and an orc.

Vanquished Creatures
  Sigmund (D:2)
  A wyvern (D:6)
  Eustachio (D:4)
  An orc warrior (D:6)
  An ice beast (D:6)
  3 kobold brigands
  A bullfrog (D:5)
  Blork the orc (D:5)
  2 scorpions (D:4)
  4 killer bees
  A hound (D:4)
  A jelly (D:4)
  A gnoll bouda (D:5)
  An orc priest (D:5)
  2 iguanas
  Terence (D:2)
  Natasha (thrice) (D:2)
  3 orc wizards (D:5)
  2 adders
  12 gnolls
  3 shadow imps
  An ufetubus (D:6)
  2 worms
  3 dart slugs
  14 orcs
  3 endoplasms
  3 giant cockroaches
  2 goblins (D:4)
  4 hobgoblins
  10 jackals (D:1)
  26 kobolds
  4 quokkas
  7 ball pythons
  3 bats
  3 frilled lizards (D:1)
  6 rats
137 creatures vanquished.

Notes
Turn   | Place    | Note
-------+----------+-------------------------------------------
     0 | D:1      | Cassiopeia the Merfolk Gladiator began the quest for the
                  | Orb.
     0 | D:1      | Reached XP level 1. HP: 16/16 MP: 1/1
   201 | D:1      | Reached XP level 2. HP: 16/23 MP: 2/2
   565 | D:1      | Reached XP level 3. HP: 24/28 MP: 3/3
  1504 | D:2      | Found Qomiraesh's General Store.
  1528 | D:2      | Bought a scroll of identify for 22 gold pieces
  1592 | D:2      | Noticed Sigmund
  1621 | D:2      | Killed Sigmund
  1622 | D:2      | Reached skill level 5 in Polearms
  1622 | D:2      | Reached skill level 5 in Dodging
  1622 | D:2      | Reached XP level 4. HP: 19/37 MP: 4/4
  1622 | D:2      | Reached XP level 5. HP: 22/42 MP: 5/5
  1773 | D:2      | Noticed Natasha
  1783 | D:2      | Killed Natasha
  1784 | D:2      | Reached XP level 6. HP: 17/48 MP: 6/6
  1891 | D:2      | You fall into a shaft and drop 2 floors!
  1937 | D:5      | Entered Level 5 of the Dungeon
  2002 | D:4      | Got the Anthology of Volatile Turbulence
  2029 | D:3      | Found Guucw's Antique Armour Boutique.
  2065 | D:4      | Noticed a +0 dagger
  2067 | D:4      | Found a runed translucent door.
  2070 | D:4      | Noticed Gatsu's ghost (novice HOFi)
  2165 | D:2      | Noticed Terence
  2172 | D:2      | Killed Terence
  2185 | D:2      | Noticed Natasha
  2190 | D:2      | Killed Natasha
  2370 | D:2      | Noticed Natasha
  2375 | D:2      | Killed Natasha
  2823 | D:3      | Reached skill level 1 in Shields
  3070 | D:3      | Found a bloodstained altar of Trog.
  3108 | D:3      | Became a worshipper of Trog the Wrathful
  3493 | D:4      | Reached skill level 6 in Polearms
  3493 | D:4      | Reached XP level 7. HP: 53/55 MP: 7/7
  3502 | D:4      | Found a hide-covered altar of Uskayaw.
  3507 | D:4      | Noticed a +0 dagger
  3709 | D:3      | Bought a shiny tower shield for 187 gold pieces
  3948 | D:4      | Found an opulent altar of Gozag.
  4217 | D:5      | Reached * piety under Trog
  4289 | D:5      | Identified the +6 dagger of Sin {drain, rPois rF- SInv}
  4681 | D:5      | Found a glowing golden altar of the Shining One.
  4682 | D:5      | Found a hazy altar of Hepliaklqana.
  4846 | D:5      | Noticed Blork the orc
  4846 | D:5      | Noticed Eustachio
  5020 | D:5      | Killed Blork the orc
  5021 | D:5      | Reached skill level 5 in Fighting
  5186 | D:5      | Reached XP level 8. HP: 51/62 MP: 8/8
  5688 | D:5      | Found a hazy altar of Hepliaklqana.
  5689 | D:5      | Found a glowing golden altar of the Shining One.
  6064 | D:4      | Killed Eustachio
  6065 | D:4      | Reached skill level 7 in Polearms
  6473 | D:6      | Reached ** piety under Trog
  6566 | D:6      | Found a runed translucent gate.
  6566 | D:6      | Found a runed translucent gate.
  6566 | D:6      | Found a runed translucent gate.
  6605 | D:6      | Noticed Shake04's ghost (novice VSGl)
  6691 | D:6      | Reached skill level 1 in Armour
  6755 | D:6      | Noticed a wyvern
  6763 | D:6      | Killed a wyvern
  6893 | D:6      | Found a staircase to the Ecumenical Temple.
  7108 | D:6      | Reached skill level 8 in Polearms
  7404 | D:6      | Reached XP level 9. HP: 47/69 MP: 9/9
  7918 | D:6      | HP: 3/106 [killer bee (5)]
  7918 | D:6      | Slain by a killer bee

Illustrated notes

Levels and vault maps discovered:
D:1:      dpeg_arrival_shrine, layout_loops_ring
D:2:      layout_loops_ring, serial_shops, shop, uniq_sigmund, uniq_natasha,
          uniq_terence
D:3:      layout_loops_ring, mainiacjoe_overflow_24_doors, serial_shops, shop
D:4:      layout_rooms, dancing_weapons_uskayaw,
          nicolae_gozag_cash_rules_everything_around_me,
          ebering_ghost_inner_flame
D:5:      cheibrodos_thug_alley, layout_basic, gammafunk_temple_overflow_pools,
          serial_curves, eino_curves_04, eino_curves_01, minmay_misc_feat_five,
          uniq_blork_the_orc, uniq_eustachio
D:6:      layout_loops_cross, minmay_temple_entry_junction, gammafunk_ghost_icy
D:7:      cheibrodos_steamvent, layout_basic,
          grunt_temple_overflow_lords_of_destruction, marbit_many_paths,
          uniq_joseph

Skill      XL: |  1  2  3  4  5  6  7  8  9 |
---------------+----------------------------+-----
Fighting       | 3 4 5 6 |  6.4
Polearms       | 5 6 8 |  8.3
Throwing       | 3 4 |  4.7
Dodging        | 5 6 7 |  7.0
Shields        | 1 2 4 |  4.3
Armour         | 1 2 |  2.1

Action                     |  1- 3 |  4- 6 |  7- 9 || total
---------------------------+-------+-------+-------++-------
  Melee: Trident           |   166 |   132 |   393 ||   691
         Punch             |     1 |       |       ||     1
         Tailslap          |       |       |     3 ||     3
  Throw: Boomerang         |       |       |     1 ||     1
 Invoke: Berserk           |       |       |     1 ||     1
         Trog's Hand       |       |       |     1 ||     1
    Use: Scroll            |     3 |     3 |     6 ||    12
         Potion            |       |       |     1 ||     1
   Stab: Sleeping          |     3 |     2 |     1 ||     6
 Armour: Leather armour    |    37 |    17 |    73 ||   127
         Skin              |    11 |       |       ||    11
  Dodge: Dodged            |    82 |    67 |   132 ||   281
  Block: Buckler           |       |    18 |     2 ||    20
         Tower shield      |       |       |   295 ||   295
